 Dungeon Crawl Stone Soup version 0.29-a0-451-gfbfa42419e (webtiles) character file.

Game seed: 2912190687227581405

626 ders the Ducker (level 7, -9/45 HPs)
             Began as a Djinni Conjurer on May 19, 2022.
             Killed from afar by Dowan (12 damage)
             ... with a puff of frost
             ... on level 5 of the Dungeon.
             The game lasted 00:05:13 (5443 turns).

ders the Ducker (Djinni Conjurer)                   Turns: 5443, Time: 00:05:14

Health: -9/45      AC:  2    Str:  6    XL:     7   Next: 76%
Gold:   315        EV: 13    Int: 22    God:
                   SH:  0    Dex: 11

rFire   + + .      SeeInvis .   (no weapon)
rCold   x . .      Faith    .   (no shield)
rNeg    . . .      Spirit   .   a - +0 robe
rPois   ∞          Reflect  .   (no helmet)
rElec   .          Harm     .   (no cloak)
rCorr   .          Rampage  .   (no gloves)
Will    .....                   (boots unavailable)
Stlth   ++........              (no amulet)
HPRegen 0.15/turn               (no ring)
MPRegen 0.00/turn               (no ring)

@: flying
A: sickness immunity, fire resistance 2, cold vulnerability 1, float, innate
caster, HP casting, extra vitality 1
a: no special abilities


You were on level 5 of the Dungeon.
You visited 1 branch of the dungeon, and saw 5 of its levels.

You collected 315 gold pieces.

Inventory:

Missiles
 d - a throwing net
Armour
 a - a +0 robe (worn)
Jewellery
 e - a ring of fire
 i - a ring of protection from cold
 m - a ring of resist corrosion
 s - a ring of ice
Wands
 q - a wand of acid (3)
Scrolls
 k - a scroll of fog {unknown}
 l - a scroll of noise {unknown}
 n - a scroll of summoning {unknown}
 p - 2 scrolls of identify {unknown}
 r - a scroll of poison {unknown}
 t - a scroll of blinking {unknown}
 u - a scroll of vulnerability {unknown}
 v - a scroll of teleportation {unknown}
 w - a scroll of enchant armour {unknown}
Potions
 b - a potion of haste {unknown}
 c - 4 potions of lignification {unknown}
 f - 2 potions of ambrosia {unknown}
 g - a potion of degeneration {unknown}
 h - 3 potions of curing {unknown}
 j - 2 potions of heal wounds
 o - a potion of cancellation {unknown}
 x - a potion of berserk rage {unknown}


   Skills:
 - Level 5.0 Dodging
 - Level 4.1 Stealth
 * Level 5.0 Spellcasting


You couldn't memorise any spells.
You knew the following spells:

 Your Spells              Type           Power      Damage    Failure   Level
a - Magic Dart            Conj           100%       1d8       1%          1
b - Searing Ray           Conj           54%        2d6       1%          2
c - Dazzling Flash        Conj/Hex       54%        N/A       3%          3
d - Fulminant Prism       Conj/Hex       13%        3d9       12%         4
e - Iskenderun's Mystic   Conj/Tloc      27%        2d7       12%         4
f - Necrotize             Necr           100%       1d9       1%          1
g - Ensorcelled Hibernat  Hex/Ice        54%        N/A       1%          2
h - Inner Flame           Hex/Fire       27%        N/A       3%          3
Your spell library was empty.

Dungeon Overview and Level Annotations

Branches:
Dungeon (5/15)
 Temple: D:4-7

Altars:

Annotations:
D:5 Dowan, Duvessa


Innate Abilities, Weirdness & Mutations

You are immune to sickness and miasma.
You are immune to poison.
Your flesh is very heat resistant. (rF++)
You are vulnerable to cold. (rC-)
You float through the air rather than walking.
You learn spells naturally, not from books.
Your magical power is your life essence.
You have superior vitality. (+4 MHP)


Message History

* * * LOW HITPOINT WARNING * * *
You hear a shout!
Casting: Iskenderun's Mystic Blast (quite dangerous; 12% risk of failure)
Confirm with . or Enter, or press ? or * to list all spells.
Aiming: Fulminant Prism (quite dangerous; 12% risk of failure)
Press: ? - help, Dir - move target, p - Duvessa You conjure a prism of explosive energy!
* * * LOW HITPOINT WARNING * * *
A fulminant prism comes into view.
Your magical contamination has completely faded away.
Your fulminant prism crackles loudly.
Duvessa hits your fulminant prism with a +1 short sword of speed.
Dowan, Brother of Duvessa comes into view.
He is wielding a +0 dagger.
Your fulminant prism explodes!
The blast of energy engulfs Duvessa!
Duvessa is severely wounded.
Dowan shouts!
Unknown command.
Casting: Fulminant Prism (quite dangerous; 12% risk of failure)
Confirm with . or Enter, or press ? or * to list all spells.
Aiming: Searing Ray (safe; 1% risk of failure)
Press: ? - help, Shift-Dir - straight line, f - Duvessa
Aim: Duvessa, wielding a +1 short sword of speed and wearing a +0 leather armour (severely wounded, 82% to hit)
The searing ray hits Duvessa.
Duvessa is almost dead. (Press . to maintain the ray.)
* * * LOW HITPOINT WARNING * * *
Unknown command.
Casting: Searing Ray (safe; 1% risk of failure)
Confirm with . or Enter, or press ? or * to list all spells.
Restarting spell: Searing Ray (safe; 1% risk of failure)
Press: ? - help, Shift-Dir - straight line, f/p - Duvessa
Aim: Duvessa, wielding a +1 short sword of speed and wearing a +0 leather armour (almost dead, 82% to hit)
The searing ray hits Duvessa.
Duvessa is almost dead. (Press . to maintain the ray.)
* * * LOW HITPOINT WARNING * * *
Dowan casts a spell at you. The puff of frost hits you!
You feel a terrible chill!
You die...

..# ##........##.. ..#
##.....### #. .##
#.....## .## ##.....##
..# #.......## ...#
###........## ....#
###...........###
#....##...............##
#...)........e.@.......
#....^.###.............
#......## #.....#.....##
....... ##.........##
....... ##.......##
....... ........#
....... .e...##...
.....#. ....### #..#


You could see Duvessa and Dowan.

Vanquished Creatures
  A black bear (D:5)
  An ogre (D:5)
  Blork the orc (D:5)
  A hound (D:4)
  An orc priest (D:4)
  Jessica (D:2)
  Natasha (thrice) (D:2)
  An orc wizard (D:4)
  7 gnolls (D:4)
  5 adders
  5 dart slugs
  5 orcs
  7 bats
  2 endoplasms (D:3)
  2 giant cockroaches
  5 goblins
  8 hobgoblins
  11 jackals
  4 quokkas
  5 ball pythons
  6 frilled lizards
  7 kobolds
  A rat (D:2)
90 creatures vanquished.

Vanquished Creatures (others)
  4 fulminant prisms (D:5)
4 creatures vanquished.

Grand Total: 94 creatures vanquished

Notes
Turn   | Place    | Note
-------+----------+-------------------------------------------
     0 | D:1      | ders the Djinni Conjurer began the quest for the Orb.
     0 | D:1      | Reached XP level 1. HP: 15/15 MP: 0/0
   277 | D:1      | Reached XP level 2. HP: 19/21 MP: 0/0
  1299 | D:2      | Reached XP level 3. HP: 24/25 MP: 0/0
  1299 | D:2      | Learned a level 1 spell: Necrotize
  1436 | D:2      | Noticed Natasha
  1442 | D:2      | Killed Natasha
  1443 | D:2      | Reached XP level 4. HP: 20/31 MP: 0/0
  1734 | D:2      | Noticed Jessica
  1738 | D:2      | Killed Jessica
  2147 | D:2      | Noticed Natasha
  2151 | D:2      | Killed Natasha
  2152 | D:2      | Reached XP level 5. HP: 25/35 MP: 0/0
  2152 | D:2      | Learned a level 2 spell: Ensorcelled Hibernation
  2324 | D:2      | Noticed Natasha
  2330 | D:2      | Killed Natasha
  3598 | D:4      | Reached XP level 6. HP: 32/40 MP: 0/0
  4589 | D:4      | Reached XP level 7. HP: 20/45 MP: 0/0
  4589 | D:4      | Learned a level 3 spell: Inner Flame
  4993 | D:5      | Entered Level 5 of the Dungeon
  4993 | D:5      | Noticed Blork the orc
  5004 | D:5      | Killed Blork the orc
  5008 | D:5      | Reached skill level 5 in Dodging
  5421 | D:5      | Noticed Duvessa
  5425 | D:5      | Reached skill level 5 in Spellcasting
  5441 | D:5      | Noticed Dowan
  5443 | D:5      | Killed from afar by Dowan

Illustrated notes

Levels and vault maps discovered:
D:1:      minmay_arrival_stone_box, layout_basic, serial_glass, glass_columns_a,
          glass_columns_a
D:2:      layout_basic, uniq_natasha, uniq_jessica
D:3:      minmay_chambers_of_threes, layout_loops_ring, hangedman_decor_growths
D:4:      layout_loops_ring
D:5:      layout_layer_cave, minmay_temple_entry_mist, serial_shops,
          nicolae_shop_bloodbath_and_beyond, uniq_blork_the_orc, uniq_duvessa

Skill      XL: |  1  2  3  4  5  6  7 |
---------------+----------------------+-----
Stealth        | 2 3 4 |  4.1
Dodging        | 3 4 5 |  5.0
Spellcasting   | 4 5 |  5.0

Action                   |  1- 3 |  4- 6 |  7- 9 || total
-------------------------+-------+-------+-------++-------
 Cast: Magic Dart        |    49 |   121 |    15 ||   185
       Searing Ray       |     2 |    13 |    10 ||    25
       Iskenderun's Myst |       |     5 |     3 ||     8
       Necrotize         |       |     1 |       ||     1
       Fulminant Prism   |       |       |     4 ||     4
       Ensorcelled Hiber |       |       |     1 ||     1
Dodge: Dodged            |     3 |     9 |     3 ||    15

Table legend: (Time is in decaauts)
 A = Elapsed time spent in this place.
 B = Non-inter-level travel time spent in this place.
 C = Inter-level travel time spent in this place.
 D = Time resting spent in this place.
 E = Time spent auto-exploring this place.
 F = Levels seen in this place.
 G = Mean time per level.
                   A        B        C        D        E       F      G
               +--------+--------+--------+--------+--------+-----+--------+
         Total |   5442 |   5249 |    193 |   1089 |   3746 |   5 | 1088.4 |
       Dungeon |   5442 |   5249 |    193 |   1089 |   3746 |   5 | 1088.4 |
               +--------+--------+--------+--------+--------+-----+--------+

Top non-repeatable levels by time:
     D:4: 1712 daAuts
     D:1: 1259 daAuts
     D:2: 1175 daAuts
     D:3: 1052 daAuts
     D:5: 243 daAuts
